 Dungeon Crawl Stone Soup version 0.29-a0-297-g7659ce593d (webtiles) character file.

Game seed: 16709321601406993127

416 kipponium the Chopper (level 6, -1/47 HPs)
             Began as a Demonspawn Berserker on Mar 20, 2022.
             Was a Priest of Trog.
             Slain by a sky beast (6 damage)
             ... on level 6 of the Dungeon.
             The game lasted 00:09:01 (4420 turns).

kipponium the Chopper (Demonspawn Berserker)        Turns: 4420, Time: 00:09:01

Health: -1/47      AC:  5    Str: 19    XL:     6   Next: 60%
Magic:  6/6        EV: 11    Int:  9    God:    Trog [***...]
Gold:   183        SH:  0    Dex: 12    Spells: 5/5 levels left

rFire   . . .      SeeInvis .   a - +0 hand axe
rCold   . . .      Faith    .   (no shield)
rNeg    . . .      Spirit   .   l - +0 leather armour
rPois   .          Reflect  .   (no helmet)
rElec   .          Harm     .   (no cloak)
rCorr   .          Rampage  .   (no gloves)
Will    ++...                   (no boots)
Stlth   +.........              (no amulet)
HPRegen 1.15/turn               (no ring)
MPRegen 0.10/turn               (no ring)

@: mighty, brilliant, about to teleport, strong-willed (expiring), regenerating
(expiring)
A: yellow scales 1, ignite blood 1, powered by pain 1, weakness stinger 1
a: Renounce Religion, Berserk, Trog's Hand


You were on level 6 of the Dungeon.
You worshipped Trog.
Trog was most pleased with you.
You visited 1 branch of the dungeon, and saw 5 of its levels.

You collected 183 gold pieces.

Inventory:

Hand Weapons
 a - a +0 hand axe (weapon)
 e - a +0 hunting sling
Missiles
 g - a poisoned dart (quivered)
 o - 41 stones
Armour
 b - a +0 animal skin
 l - a +0 leather armour (worn)
Jewellery
 j - an amulet of magic regeneration
Scrolls
 c - 4 scrolls of identify
 h - a scroll of fear {unknown}
 i - a scroll of amnesia {unknown}
 k - 2 scrolls of blinking {unknown}
 n - 2 scrolls of vulnerability {unknown}
Potions
 f - a potion of magic


   Skills:
 - Level 3.0 Fighting
 + Level 6.9 Axes
 - Level 1.7 Armour
 - Level 1.7 Dodging


You had 5 spell levels left.
You didn't know any spells.
Your spell library was empty.

Dungeon Overview and Level Annotations

Branches:
Dungeon (4/15)             Temple (0/1) D:6

Altars:


Innate Abilities, Weirdness & Mutations

You are partially covered in yellow scales. (AC +2)
Your demonic aura sometimes causes spilled blood to erupt in flames.
You sometimes gain a little power by taking damage.
You have a small tail.


Message History

The kobold brigand hits you with a +0 dagger.
The iguana bites you.
As you read the scroll of teleportation, it crumbles to dust.
You feel strangely unstable. The iguana barely misses you.
The kobold brigand hits you with a +0 dagger.
The kobold misses you.
You barely miss the kobold brigand. You tail-slap the kobold brigand.
The kobold brigand is severely wounded.
You slash the kobold!
You kill the kobold!
Trog accepts your kill.
You hit the iguana but do no damage.
The kobold brigand hits you with a +0 dagger.
The iguana bites you!
* * * LOW HITPOINT WARNING * * *
You focus on the pain.
You feel mightier all of a sudden. The phantom attacks as you move away!
The phantom hits you.
* * * LOW HITPOINT WARNING * * *
The kobold brigand throws a poisoned dart.
The poisoned dart barely misses you.
Your surroundings suddenly seem different.
A sky beast comes into view.
You feel the effects of Trog's Hand fading.
As you read the scroll of teleportation, it crumbles to dust.
You feel strangely unstable.
The sky beast flickers out of sight!
Deactivating autopickup; reactivate with Ctrl-A.
Something hits you.
* * * LOW HITPOINT WARNING * * *
Something shocks you.
* * * LOW HITPOINT WARNING * * *
It was a potion of brilliance.
You feel clever all of a sudden.
A sky beast appears from thin air!
Reactivating autopickup.
The sky beast barely misses you. The sky beast attacks as you move away!
The sky beast hits you.
* * * LOW HITPOINT WARNING * * *
The sky beast shocks you.
You die...

#######
..... ...
#Y# #@#
#....#
#....#
#.....
+.....
#......
#....## +#
##....# .##
.....#####..


You could see a sky beast.

Vanquished Creatures
  An ogre (D:4)
  A bullfrog (D:3)
  A necrophage (D:4)
  An orc priest (D:6)
  An orc wizard (D:3)
  A scorpion zombie (D:3)
  A hound skeleton (D:3)
  3 adders
  2 ufetubi
  2 dart slugs
  7 orcs
  6 ball pythons
  2 endoplasms
  4 giant cockroaches
  4 goblins
  5 hobgoblins
  2 jackals (D:1)
  4 quokkas
  A ball python skeleton (D:3)
  A ball python zombie (D:3)
  5 bats
  4 frilled lizards
  18 kobolds
  6 rats
83 creatures vanquished.

Vanquished Creatures (others)
  3 withered plants (D:3)
3 creatures vanquished.

Grand Total: 86 creatures vanquished

Notes
Turn   | Place    | Note
-------+----------+-------------------------------------------
     0 | D:1      | kipponium the Demonspawn Berserker began the quest for the
                  | Orb.
     0 | D:1      | Reached XP level 1. HP: 18/18 MP: 1/1
   172 | D:1      | Reached skill level 3 in Axes
   307 | D:1      | Gained mutation: You sometimes gain a little power by
                  | taking damage. [demonic ancestry]
   307 | D:1      | Reached XP level 2. HP: 6/24 MP: 2/2
   723 | D:1      | Found a faded altar of an unknown god.
   881 | D:2      | Reached ** piety under Trog
  1017 | D:2      | Reached XP level 3. HP: 21/29 MP: 3/3
  1408 | D:2      | Reached skill level 4 in Axes
  2136 | D:3      | Gained mutation: You have a small tail. [demonic ancestry]
  2136 | D:3      | Reached XP level 4. HP: 19/35 MP: 4/4
  2518 | D:3      | Noticed a bullfrog
  2532 | D:3      | Killed a bullfrog
  2533 | D:3      | Reached skill level 5 in Axes
  2533 | D:3      | Gained mutation: Your demonic aura sometimes causes spilled
                  | blood to erupt in flames. [demonic ancestry]
  2533 | D:3      | Reached XP level 5. HP: 34/41 MP: 5/5
  2535 | D:3      | Reached *** piety under Trog
  3953 | D:4      | Reached skill level 6 in Axes
  3990 | D:4      | Gained mutation: You are partially covered in yellow
                  | scales. (AC +2) [demonic ancestry]
  3990 | D:4      | Reached XP level 6. HP: 11/45 MP: 6/6
  4378 | D:4      | You fall into a shaft and drop 2 floors!
  4386 | D:6      | Found a staircase to the Ecumenical Temple.
  4417 | D:6      | Noticed a sky beast
  4420 | D:6      | Slain by a sky beast

Illustrated notes

Levels and vault maps discovered:
D:1:      enne_arrival_octagon_isle, layout_rooms,
          hellmonk_ecumenical_altar_leap_of_faith
D:2:      layout_basic
D:3:      layout_loops_ring, serial_undead, serial_undead_d, serial_undead_a,
          serial_undead_f, serial_undead_f
D:4:      layout_basic
D:6:      layout_basic, minmay_temple_entry_drinking_statues, uniq_blork_the_orc

Skill      XL: |  1  2  3  4  5 |
---------------+----------------+-----
Axes           | 3 4 5 6 |  6.9
Fighting       | |  3.0
Armour         | |  1.7
Dodging        | |  1.7

Action                   |  1- 3 |  4- 6 || total
-------------------------+-------+-------++-------
Melee: Hand axe          |   133 |   145 ||   278
       Punch             |     2 |       ||     2
       Tailslap          |       |    14 ||    14
Throw: Dart              |       |     3 ||     3
Invok: Berserk           |       |     2 ||     2
       Trog's Hand       |       |     2 ||     2
  Use: Potion            |       |     2 ||     2
       Scroll            |       |     4 ||     4
Armor: Animal skin       |    16 |     3 ||    19
       Leather armour    |       |    38 ||    38
       Skin              |       |    15 ||    15
Dodge: Dodged            |    95 |    71 ||   166

Table legend: (Time is in decaauts)
 A = Elapsed time spent in this place.
 B = Non-inter-level travel time spent in this place.
 C = Inter-level travel time spent in this place.
 D = Time resting spent in this place.
 E = Time spent auto-exploring this place.
 F = Levels seen in this place.
 G = Mean time per level.
                   A        B        C        D        E       F      G
               +--------+--------+--------+--------+--------+-----+--------+
         Total |   4462 |   4311 |    151 |   1771 |   1700 |   5 |  892.4 |
       Dungeon |   4462 |   4311 |    151 |   1771 |   1700 |   5 |  892.4 |
               +--------+--------+--------+--------+--------+-----+--------+

Top non-repeatable levels by time:
     D:3: 1769 daAuts
     D:2: 1054 daAuts
     D:1: 840 daAuts
     D:4: 757 daAuts
     D:6: 40 daAuts
